 Dungeon Crawl Stone Soup version 0.30-a0-867-g305f33218d (webtiles) character file.

Game seed: 16000620019034064174

2499 Dittersdorf the Trooper (level 9, 0/58 HPs)
             Began as a Gargoyle Fighter on Mar 10, 2023.
             Was a Priest of Okawaru.
             Slain by a vampire (9 damage)
             ... on level 9 of the Dungeon.
             The game lasted 00:07:16 (5756 turns).

Dittersdorf the Trooper (Gargoyle Fighter)          Turns: 5756, Time: 00:07:16

Health: 0/58       AC: 21    Str: 25    XL:     9   Next: 53%
Magic:  9/9        EV:  8    Int: 13    God:    Okawaru [***...]
Gold:   371        SH:  5    Dex:  9    Spells: 8/8 levels left

rFire   . . .      SeeInvis .    a - +0 flail (elec)
rCold   . . .      Faith    .    c - +0 buckler
rNeg    + . .      Spirit   .    o - +0 chain mail
rPois   ∞          Reflect  .    (no helmet)
rElec   +          Rampage  .    g - +3 cloak of a wizard's laboratory {Fly rPois Regen+ Int+5}
rCorr   .                        (no gloves)
Will    .....                    (no boots) Stlth
                                 (no amulet)
HPRegen 1.09/turn                (no ring)
MPRegen 0.11/turn                (no ring)

@: flying
A: sickness immunity, AC +6, negative energy resistance 1, electricity
resistance, torment resistance 1, petrification resistance
a: Renounce Religion, Heroism


You were on level 9 of the Dungeon.
You worshipped Okawaru.
Okawaru was most pleased with you.
You visited 2 branches of the dungeon, and saw 9 of its levels.

You collected 371 gold pieces.

Inventory:

Hand Weapons
 a - a +0 flail of electrocution (weapon)
Armour
 c - a +0 buckler (worn)
 g - the +3 cloak of a wizard's laboratory (worn) {Fly rPois Regen+ Int+5}
   (You acquired it on level 4 of the Dungeon)

   Int:       It affects your intelligence (+5).
   rPois:     It protects you from poison.
   Fly:       It grants you flight.
   Regen:     It increases your rate of health regeneration.
 h - +0 fire dragon scales
 o - a +0 chain mail (worn)
Scrolls
 p - a scroll of fear
 q - a scroll of poison
 r - a scroll of fog
 s - 3 scrolls of teleportation
Potions
 b - a potion of heal wounds
 d - 2 potions of might
 e - a potion of ambrosia {unknown}
 f - 2 potions of mutation {unknown}
 i - 3 potions of attraction {unknown}
 j - a potion of berserk rage
 k - 2 potions of brilliance {unknown}
 l - 3 potions of curing
 m - 2 potions of flight


   Skills:
 + Level 7.7 Fighting
 + Level 6.6 Maces & Flails
 + Level 7.6 Armour
 + Level 7.6 Shields


You had 8 spell levels left.
You didn't know any spells.
Your spell library contained the following spells:

 Spells                   Type           Power      Damage    Failure   Level
 Foxfire                  Conj/Fire      0%         2x1d4     91%         1
 Freeze                   Ice            0%         1d3       91%         1
 Frozen Ramparts          Ice            0%         1d1       100%        3
 Hailstorm                Conj/Ice       0%         3d3       100%        3
 Ozocubu's Armour         Ice            0%         N/A       100%        3
 Dispel Undead            Necr           0%         3d6       100%        4
 Fireball                 Conj/Fire      0%         3d3       100%        5
 Metabolic Englaciation   Hex/Ice        0%         N/A       100%        5
 Starburst                Conj/Fire      0%         6d3       100%        6
 Cigotuvi's Dreadful Rot  Necr/Pois/Air  Unusable   N/A       N/A         2
 Death Channel            Necr           Unusable   N/A       N/A         6
 Simulacrum               Ice/Necr       Unusable   N/A       N/A         6

Dungeon Overview and Level Annotations

Branches:
Dungeon (7/15)             Temple (1/1) D:4

Altars:
Ashenzari
Cheibriados
Dithmenos
Fedhas
Gozag
Kikubaaqudgha
Makhleb
Nemelex Xobeh
Okawaru
Qazlal
Ru
Sif Muna
Trog
Uskayaw
Vehumet
Wu Jian
Xom
Yredelemnul
Zin
The Shining One


Innate Abilities, Weirdness & Mutations

You are immune to sickness and miasma.
Your stone body is resilient. (AC +6)
You are immune to poison.
You resist negative energy. (rN+)
You are resistant to electric shocks. (rElec)
You are resistant to unholy torment.
You are immune to petrification.


Message History

Deactivating autopickup; reactivate with Ctrl-A.
You barely miss something. Something completely misses you.
Something bites you but does no damage.
You sock something! Something hits you but does no damage.
Something bites you but does no damage.
You closely miss something. Something hits you.
Something bites you but does no damage.
You closely miss something. Something hits you! Something bites you!
You hit something but do no damage. Something completely misses you.
Something bites you but does no damage.
You closely miss something. You block something's attack. x2
You hit something.
You hear some strange, mumbled words.
Something tries to affect you, but you resist.
You closely miss something. Something hits you but does no damage.
Something bites you but does no damage. Something hits you but does no damage.
Something bites you.
You miss something. Something hits you but does no damage.
Something bites you but does no damage.
You closely miss something. Something hits you. You block something's attack.
You closely miss something. Something hits you but does no damage.
Something bites you but does no damage.
You barely miss something. Something hits you!
Something bites you but does no damage.
You closely miss something. Something hits you but does no damage.
Something bites you.
You closely miss something. Something hits you but does no damage.
Something bites you!
You miss something. Something hits you. Something bites you.
* * * LOW HITPOINT WARNING * * *
You closely miss something. Something hits you.
* * * LOW HITPOINT WARNING * * *
Something bites you but does no damage.
You closely miss something. Something hits you but does no damage.
Something bites you.
* * * LOW HITPOINT WARNING * * *
Something hits you but does no damage. Something bites you but does no damage.
You barely miss something. Something hits you but does no damage.
Something bites you!
You die...

##### ... #.# #{# ##@##
##..)##.#######
##.....##...†..#
##.......######.#
##....#....#####.####..
#⌠...###...⌠##.........
.##....#....#####.####..
).##.......## #.###
..##.....## #...#


There were no monsters in sight!

Vanquished Creatures
  4 yaks (D:9)
  An ice beast (D:6)
  2 sky beasts
  2 black bears
  An ogre (D:6)
  A centaur (D:7)
  A phantom (D:4)
  A kobold brigand (D:5)
  Blork the orc (D:6)
  A bullfrog (D:6)
  2 gnoll sergeants
  A scorpion (D:4)
  3 killer bees (D:9)
  3 howler monkeys (D:7)
  A jelly (D:7)
  2 hounds
  4 iguanas
  2 orc wizards
  8 adders
  15 gnolls
  A shadow imp (D:6)
  2 white imps
  3 worms
  3 dart slugs
  13 orcs
  2 bats (D:1)
  9 endoplasms
  A giant cockroach (D:1)
  7 goblins
  7 hobgoblins
  4 jackals (D:3)
  2 quokkas
  7 ball pythons
  A frilled lizard (D:1)
  10 kobolds
  5 rats
133 creatures vanquished.

Notes
Turn   | Place    | Note
-------+----------+-------------------------------------------
     0 | D:1      | Dittersdorf the Gargoyle Fighter began the quest for the
                  | Orb.
     0 | D:1      | Reached XP level 1. HP: 14/14 MP: 1/1
   144 | D:1      | Reached XP level 2. HP: 16/19 MP: 2/2
   821 | D:2      | Reached XP level 3. HP: 23/23 MP: 3/3
   928 | D:2      | Found a shimmering altar of Xom.
  1717 | D:3      | Reached XP level 4. HP: 27/29 MP: 4/4
  2464 | D:4      | Identified a scroll of acquirement
  2464 | D:4      | Acquired the +3 cloak of a wizard's laboratory {Fly rPois
                  | Regen+ Int+5}
  2502 | D:4      | Found a staircase to the Ecumenical Temple.
  2509 | Temple   | Entered the Ecumenical Temple
  2630 | Temple   | Became a worshipper of Warmaster Okawaru
  2866 | D:4      | Reached XP level 5. HP: 33/33 MP: 5/5
  3039 | D:4      | Noticed a phantom
  3059 | D:4      | Killed a phantom
  3060 | D:4      | Reached XP level 6. HP: 28/39 MP: 6/6
  3448 | D:5      | Entered Level 5 of the Dungeon
  3531 | D:5      | Noticed a sky beast
  3551 | D:5      | Killed a sky beast
  3551 | D:5      | Reached * piety under Okawaru
  3552 | D:5      | Reached skill level 5 in Fighting
  3587 | D:5      | Found a large runed translucent door.
  3588 | D:5      | Found a large runed translucent door.
  3681 | D:5      | Reached skill level 5 in Armour
  3681 | D:5      | Reached skill level 5 in Shields
  3681 | D:5      | Reached XP level 7. HP: 37/44 MP: 7/7
  4584 | D:5      | Found a stormy altar of Qazlal.
  4595 | D:5      | Found an ancient bone altar of Kikubaaqudgha.
  4859 | D:5      | Reached XP level 8. HP: 32/51 MP: 8/8
  5002 | D:6      | Found a hide-covered altar of Uskayaw.
  5004 | D:6      | Found a burning altar of Makhleb.
  5146 | D:6      | Reached skill level 5 in Maces & Flails
  5236 | D:6      | Noticed Blork the orc
  5245 | D:6      | Killed Blork the orc
  5245 | D:6      | Reached ** piety under Okawaru
  5249 | D:6      | Found a shimmering blue altar of Sif Muna.
  5485 | D:7      | You are sucked into a shaft and drop 2 floors!
  5487 | D:9      | Noticed a yak
  5487 | D:9      | Noticed a yak
  5497 | D:9      | Noticed a yak
  5499 | D:9      | Noticed a yak
  5502 | D:9      | Killed a yak
  5503 | D:9      | Reached XP level 9. HP: 57/57 MP: 7/9
  5615 | D:9      | Reached *** piety under Okawaru
  5756 | D:9      | Slain by a vampire

Illustrated notes

Levels and vault maps discovered:
D:1:      minmay_arrival_four_houses, layout_basic
D:2:      layout_loops_ring, basic_altar, minmay_statues_item
D:3:      layout_basic
D:4:      layout_loops_corners, minmay_temple_entry_mini_moons,
          grunt_ministairs_1, minmay_checkerbox
D:5:      layout_gridville, jmf_multi_god_temple2
D:6:      layout_rooms, chequers_temple_overflow_statue_of_worship, tgw_sif
D:7:      layout_basic, uniq_duvessa
D:9:      layout_basic, nzn_life_drinkers
Temple:   compressed_dpeg_circular_temple

Skill      XL: |  1  2  3  4  5  6  7  8 |
---------------+-------------------------+-----
Fighting       | 4 5 7 |  7.7
Shields        | 4 5 7 |  7.6
Maces & Flails | 3 4 6 |  6.6
Armour         | 4 5 7 |  7.6

Action                     |  1- 3 |  4- 6 |  7- 9 || total
---------------------------+-------+-------+-------++-------
  Melee: Flail             |   126 |   122 |   311 ||   559
         Whip              |       |    64 |       ||    64
 Invoke: Heroism           |       |       |     4 ||     4
    Use: Scroll            |     1 |     9 |     6 ||    16
 Armour: Scale mail        |    61 |   125 |    13 ||   199
         Chain mail        |       |       |   285 ||   285
  Dodge: Dodged            |    81 |    96 |   181 ||   358
  Block: Buckler           |    35 |    42 |   115 ||   192

Table legend: (Time is in decaauts)
 A = Elapsed time spent in this place.
 B = Non-inter-level travel time spent in this place.
 C = Inter-level travel time spent in this place.
 D = Time resting spent in this place.
 E = Time spent auto-exploring this place.
 F = Levels seen in this place.
 G = Mean time per level.
                   A        B        C        D        E       F      G
               +--------+--------+--------+--------+--------+-----+--------+
         Total |   5878 |   5526 |    352 |    158 |   4040 |   9 |  653.1 |
       Dungeon |   5740 |   5433 |    307 |    158 |   3970 |   8 |  717.5 |
        Temple |    138 |     93 |     45 |      0 |     70 |   1 |  138.0 |
               +--------+--------+--------+--------+--------+-----+--------+

Top non-repeatable levels by time:
     D:5: 1238 daAuts
     D:3: 1204 daAuts
     D:4: 928 daAuts
     D:1: 691 daAuts
     D:6: 668 daAuts
     D:2: 596 daAuts
     D:9: 271 daAuts
     D:7: 141 daAuts
  Temple: 138 daAuts
